Map: Acid Plant LE

Players

Michael - Winner!

  • Race: Zerg Zerg
  • League: Gold
  • Spawn Location: 11:00

OGSavage

  • Race: Terran Terran
  • League: Platinum
  • Spawn Location: 5:00

VOD

Have the link to the VOD?

Description

Time

  • Played on: Oct. 7, 2018, 9:18 a.m.
  • Length: 14:35
Show
View Real Time Build Order
Export as new Build Order

Michael Zerg - Winner!

Build Orders: Pool First 

Get SALT Encoding   

  12  0:01  Drone  
  13  0:12  Overlord  
  13  0:16  Drone  
  14  0:31  Drone x2  
  14  0:34  Drone  
  17  0:41  Extractor  
  16  0:45  Drone  
  17  0:53  Spawning Pool  
  17  0:56  Drone  
  17  1:06  Drone  
  18  1:22  Hatchery  
  17  1:27  Drone  
  18  1:40  Queen  
  18  1:43  Metabolic Boost  
  20  1:47  Zergling x2  
  20  1:51  Zergling x2  
  22  1:57  Overlord  
  22  2:15  Queen  
  22  2:21  Drone x2  
  26  2:32  Drone  
  26  2:33  Drone  
  26  2:35  Roach Warren  
  26  2:36  Drone  
  28  3:05  Queen  
  30  3:07  Drone x6  
  30  3:10  Overlord  
  36  3:14  Extractor  
  36  3:19  Evolution Chamber  
  34  3:21  Drone  
  35  3:30  Drone x3  
  35  3:32  Drone  
  39  3:34  Drone  
  39  3:36  Drone  
  39  3:40  Drone  
  42  3:45  Lair  
  42  3:57  Roach  
  42  3:58  Overlord  
  42  3:59  Overlord  
  44  4:07  Zerg Ground Armor Level 1  
  44  4:17  Queen  
  44  4:19  Drone x5  
  44  4:23  Extractor x2  
  49  4:26  Spine Crawler  
  49  4:28  Drone, Spore Crawler  
  49  4:30  Drone  
  49  4:32  Drone  
  50  4:42  Spine Crawler  
  49  4:52  Roach  
  51  4:54  Hatchery, Roach  
  51  4:57  Roach  
  51  4:59  Roach  
  56  5:01  Roach  
  56  5:04  Roach  
  56  5:06  Roach  
  60  5:10  Overlord  
  60  5:29  Overlord x2  
  60  5:37  Hydralisk Den  
  60  5:40  Spore Crawler, Spine Crawler  
  57  5:43  Drone x3, Spore Crawler  
  57  5:44  Spine Crawler  
  57  5:47  Drone x3  
  61  5:53  Infestation Pit  
  61  5:56  Burrow  
  60  5:59  Pneumatized Carapace  
  60  6:01  Zerg Missile Weapons Level 1, Drone  
  61  6:04  Drone x2  
  61  6:07  Drone  
  61  6:08  Drone  
  61  6:10  Drone  
  66  6:12  Drone  
  67  6:25  Ravager  
  68  6:27  Ravager  
  52  7:13  Drone x8  
  52  7:14  Drone x4  
  59  7:23  Drone x2  
  59  7:24  Queen  
  59  7:25  Queen x2  
  67  7:33  Muscular Augments  
  67  7:39  Drone  
  67  7:40  Drone  
  67  7:41  Drone  
  67  7:42  Drone x3  
  73  7:53  Drone x3  
  73  7:54  Drone x4, Zerg Ground Armor Level 2  
  80  8:01  Overlord x2  
  80  8:02  Overlord  
  80  8:27  Hydralisk x9  
  80  8:32  Zergling x8  
  102  8:49  Spire  
  101  8:55  Drone, Hatchery  
  101  8:56  Drone  
  101  8:59  Extractor  
  101  9:01  Extractor  
  82  9:38  Drone x3  
  85  9:39  Drone  
  85  9:42  Drone x2  
  85  9:44  Drone x12  
  85  9:45  Drone x4  
  104  9:52  Hive  
  104  9:55  Drone x2  
  98  10:10  Zerg Missile Weapons Level 2  
  98  10:13  Overlord x3  
  98  10:20  Queen  
  100  10:23  Spore Crawler  
  100  10:24  Spore Crawler  
  100  10:27  Spore Crawler, Spine Crawler  
  96  10:32  Spore Crawler  
  95  10:38  Spore Crawler  
  95  10:41  Drone, Spine Crawler  
  95  10:42  Drone x11  
  105  10:53  Grooved Spines  
  105  10:54  Glial Reconstitution  
  105  11:08  Extractor x2, Overlord x4  
  103  11:13  Greater Spire  
  103  11:15  Corruptor x3  
  103  11:16  Corruptor x5  
  119  11:19  Overlord  
  119  11:20  Overlord x8  
  119  11:28  Spore Crawler x2  
  119  11:30  Spore Crawler x2  
  119  11:32  Spine Crawler  
  114  11:33  Drone, Spine Crawler x2  
  114  11:34  Drone x3, Spine Crawler  
  108  12:00  Roach x6  
  108  12:01  Roach x8  
  136  12:18  Hydralisk  
  136  12:19  Hydralisk x7  
  136  12:20  Hydralisk  
  154  12:25  Drone  
  155  12:37  Brood Lord x2  
  155  12:38  Brood Lord x2  
  163  13:07  Hydralisk x12  
  163  13:08  Hydralisk  
  189  13:46  Hatchery  
  189  13:47  Corruptor x6, Hatchery  
Show
View Real Time Build Order
Export as new Build Order

OGSavage Terran 

Build Orders: 1/1/1, MMM Bio 

Get SALT Encoding   

  12  0:01  SCV  
  13  0:14  SCV  
  14  0:21  Supply Depot  
  14  0:28  SCV, Refinery  
  15  0:43  SCV  
  15  0:47  Barracks  
  16  0:56  SCV  
  17  1:03  Supply Depot  
  17  1:11  SCV  
  18  1:24  SCV  
  19  1:27  Refinery  
  19  1:37  Factory  
  19  1:48  Reaper  
  19  1:52  SCV  
  21  1:59  Barracks  
  21  2:03  Supply Depot  
  21  2:11  Orbital Command  
  21  2:24  Starport  
  21  2:37  SCV  
  21  2:39  Barracks Reactor  
  21  2:43  Factory Reactor  
  22  2:52  SCV  
  23  3:03  Barracks Tech Lab  
  22  3:10  SCV  
  23  3:20  Command Center  
  23  3:26  Marine  
  23  3:27  Marine x2  
  24  3:29  Stimpack  
  24  3:30  SCV  
  27  3:43  SCV  
  27  3:46  Medivac  
  27  3:48  Marine x2  
  31  3:49  Marine  
  31  3:52  Medivac  
  34  3:58  SCV  
  34  4:00  Widow Mine  
  37  4:10  Supply Depot  
  37  4:11  Marine x2  
  37  4:12  Supply Depot  
  39  4:31  Supply Depot, Marine  
  39  4:37  Marine x2  
  42  4:40  Engineering Bay  
  42  4:41  Factory Tech Lab  
  42  4:44  SCV  
  43  4:55  Marine x2  
  43  4:56  Marine  
  44  5:11  Siege Tank  
  47  5:16  SCV, Marine  
  47  5:17  Marine  
  46  5:21  Liberator  
  50  5:32  Marine  
  50  5:34  Supply Depot  
  50  5:35  Terran Infantry Weapons Level 1  
  51  5:36  Engineering Bay  
  54  5:43  SCV  
  55  5:53  Combat Shields  
  55  6:02  SCV, Marine x2  
  58  6:05  Siege Tank  
  61  6:14  Refinery  
  60  6:33  Marine x2  
  60  6:34  Marauder  
  54  7:05  Liberator  
  52  7:09  Marine x2  
  52  7:10  Siege Tank  
  52  7:12  Marauder  
  54  7:27  Orbital Command, Marine x2  
  56  7:33  Supply Depot  
  56  7:34  Supply Depot  
  56  7:38  Terran Infantry Armor Level 1  
  56  7:40  Engineering Bay, Armory  
  56  7:43  Siege Tank  
  59  7:47  Supply Depot  
  59  7:48  SCV  
  60  8:00  SCV  
  60  8:05  Refinery  
  61  8:08  Marine x2  
  61  8:09  Marauder  
  61  8:12  SCV  
  66  8:15  Siege Tank  
  69  8:22  Barracks  
  69  8:23  Medivac  
  69  8:25  Marine x2  
  73  8:34  Marine  
  73  8:35  SCV x2  
  76  8:43  Marine  
  71  9:22  Marine x2  
  53  9:27  SCV  
  53  9:28  SCV  
  46  9:32  Barracks Reactor  
  46  9:37  Command Center  
  46  9:38  Terran Infantry Armor Level 2, Terran Infantry Weapons Level 2  
  44  10:02  Marine  
  44  10:03  Marine x2  
  44  10:05  Viking x2  
  51  10:19  Supply Depot  
  51  10:20  Marine x2  
  53  10:23  Siege Tank  
  56  10:34  Concussive Shells  
  56  10:36  Marauder  
  58  10:43  SCV x2  
  58  10:45  Medivac  
  58  10:46  Medivac  
  58  10:47  Marine x3  
  58  10:48  Marine  
  68  10:58  Marine  
  68  11:02  SCV x2  
  71  11:05  Marine  
  71  11:09  Marine x3  
  75  11:11  Siege Tank  
  78  11:20  SCV x2  
  80  11:33  Marine x2  
  80  11:34  Marauder  
  84  11:50  Marine x2  
  86  11:54  Barracks  
  86  11:56  Marauder  
  86  11:57  Terran Infantry Weapons Level 3  
  86  11:59  Viking, Cyclone  
  86  12:00  Barracks  
  93  12:14  SCV  
  94  12:17  Marauder  
  96  12:23  Starport  
  96  12:32  Planetary Fortress  
  96  12:42  Marine  
  96  12:43  Marine x2  
  99  12:44  Reaper  
  100  12:58  Marauder  
  102  12:59  Barracks Reactor  
  102  13:14  SCV x2  
  102  13:15  Marine x2  
  102  13:19  Marauder  
  108  13:21  Marine x2  
  108  13:23  Medivac x2  
  114  13:36  SCV x2  
  114  13:38  Marine x2  
  114  13:39  Marine x2  
  120  13:44  Refinery  
  120  13:47  Sensor Tower  
  120  13:50  Refinery  
  120  13:53  Medivac x2  
  124  13:56  Starport Reactor  
  125  14:10  SCV x2  
  125  14:11  Marine x2  
Tags
 
Composition
MMM Bio
Matchup
TvZ
Spawn Locations
Cross Positions
Add a new tag
Caveats
  • Supply blocks, unpowered buildings, or Contaminate may cause inaccurate times.
  • Supply counts are checked every 10 seconds.